 Dungeon Crawl Stone Soup version 0.19-a0-970-g9a4211b (webtiles) character file.

55 Niuu the Magician (level 3, 0/16 HPs)
             Began as a Spriggan Wizard on July 13, 2016.
             Succumbed to an adder's poison
             ... on level 2 of the Dungeon.
             The game lasted 00:08:15 (1193 turns).

Niuu the Magician (Spriggan Wizard)                 Turns: 1193, Time: 00:08:16

Health: 0/16       AC:  2    Str:  0 (3)  XL:     3   Next: 67%
Magic:  4/9        EV: 18    Int: 20      God:
Gold:   6          SH:  3    Dex: 14      Spells: 1 memorised, 9 levels left

rFire  . . .     SeeInvis +     i - +0 dagger
rCold  . . .     Gourm    .     a - +0 robe
rNeg   . . .     Faith    .     (shield restricted)
rPois  .         Spirit   .     b - +0 hat
rElec  .         Dismiss  .     (no cloak)
rCorr  .         Reflect  +     (gloves unavailable)
SustAt .         Harm     .     (boots unavailable)
MR     .....                    h - +3 amulet of reflection
Stlth  ++........               (no ring)
                                (no ring)

@: lethally poisoned (0 -> -8), very slightly contaminated, slowed, lost
strength, quick, not resistant to hostile enchantments, unstealthy
A: unfitting armour, see invisible, herbivore 3, speed 3, slow metabolism 2
a: no special abilities


You were on level 2 of the Dungeon.
You were not hungry.

You visited 1 branch of the dungeon, and saw 2 of its levels.

You collected 6 gold pieces.

Inventory:

Hand Weapons
 i - a +0 dagger (weapon)
Missiles
 e - 10 poisoned needles
Armour
 a - a +0 robe (worn)
 b - a +0 hat (worn)
Jewellery
 h - a +3 amulet of reflection (around neck)
Scrolls
 f - a scroll of fog {unknown}
 g - 2 scrolls of identify {unknown}
 j - a scroll of teleportation {unknown}
Books
 c - a book of Minor Magic

   Spells                             Type                      Level
   a - Magic Dart                     Conjuration                  1
   b - Blink                          Translocation                2
   c - Call Imp                       Summoning                    2
   d - Repel Missiles                 Charms/Air                   2
   e - Slow                           Hexes                        2
   f - Conjure Flame                  Conjuration/Fire             3
   g - Mephitic Cloud                 Conjuration/Poison/Air       3
Comestibles
 d - a bread ration
 k - a slice of pizza


   Skills:
 - Level 3.0 Dodging
 - Level 3.0 Stealth
 - Level 4.0 Spellcasting
 + Level 2.7 Conjurations
   Level 0.7 Summonings
   Level 1.5 Translocations


You had 9 spell levels left.
You knew the following spells:

 Your Spells              Type           Power        Failure   Level  Hunger
z - Magic Dart            Conj           ##..         4%          1    None


Dungeon Overview and Level Annotations

Branches:
Dungeon (2/15)

Altars:
Xom

Annotations:
D:2 Robin


Innate Abilities, Weirdness & Mutations

You are tiny and cannot use many weapons and most armour.
You have supernaturally acute eyesight. (SInv)
You are a herbivore.
You cover ground extremely quickly.
You need consume almost no food.


Message History

Confirm with . or Enter, or press ? or * to list all spells.
Aiming: Magic Dart
Press: ? - help, Shift-Dir - straight line, f/p - adder
Aim: an adder (heavily wounded)
The magic dart hits the adder.
The adder is almost dead.
* * * LOW HITPOINT WARNING * * *
You feel sick. The adder barely misses you. The adder misses you.
Casting: Magic Dart
Confirm with . or Enter, or press ? or * to list all spells.
Aiming: Magic Dart
Press: ? - help, Shift-Dir - straight line, f/p - adder
Aim: an adder (almost dead)
The magic dart hits the adder.
You kill the adder!
* * * LOW HITPOINT WARNING * * *
You feel sick.
* * * LOW HITPOINT WARNING * * *
You feel sick.
You die...

#### ..# !...#
#...#####..###. #...#
#...%.......... #...#
#......<#..##..###...#
#..###.)..........<...
#. ##......########.##
#..#.......... .#
#.....†.....## ##
#....@........
#....!......###
#..#.(.....##
#..##.....## #...
##...## #.# #### #.


There were no monsters in sight!

Vanquished Creatures
  2 adders (D:2)
  A dart slug (D:1)
  2 giant geckos (D:1)
  A giant cockroach (D:1)
  11 goblins
  3 hobgoblins
  2 jackals (D:1)
  2 kobolds (D:1)
  3 bats
27 creatures vanquished.

Notes
Turn   | Place    | Note
-------+----------+-------------------------------------------
     0 | D:1      | Niuu the Spriggan Wizard began the quest for the Orb.
     0 | D:1      | Reached XP level 1. HP: 9/9 MP: 6/6
     5 | D:1      | Lost strength.
    77 | D:1      | Reached skill level 1 in Conjurations
   160 | D:1      | Reached XP level 2. HP: 11/13 MP: 4/8
   203 | D:1      | Found a shimmering altar of Xom.
   941 | D:2      | Reached XP level 3. HP: 13/16 MP: 5/9
   943 | D:2      | Noticed Robin
  1193 | D:2      | Succumbed to an adder's poison

Vault maps used:
D:1:      nicolae_arrival_washed_ashore, serial_bayou_lagoon_a, xom_teletrap_fun
D:2:      kennysheep_big_flooded_room, nicolae_overflow_crystal_walls,
          uniq_natasha, uniq_robin

Skill      XL: |  1  2 |
---------------+-------+-----
Conjurations   | 1 2 |  2.7
Dodging        | |  3.0
Stealth        | |  3.0
Spellcasting   | |  4.0
Summonings     | |  0.7
Translocations | |  1.5

Action                   || total
-------------------------++-------
 Cast: Magic Dart        ||    77
  Use: Potion            ||     3
Armor: Robe              ||     2
Dodge: Dodged            ||    26
Block: Other             ||     5
